 Dungeon Crawl Stone Soup version 0.32-a0-616-g9348d4545b (webtiles) character file.

Game seed: 1324854592420960198

783 jasper the Trooper (level 7, -1/56 HPs)
             Began as a Demonspawn Shapeshifter on Mar 5, 2024.
             Was a Priest of Wu Jian.
             Slain by a gnoll
             ... wielding a +0 spear
             ... led by a gnoll bouda
              (8 damage)
             ... on level 4 of the Dungeon.
             The game lasted 00:05:33 (3405 turns).

jasper the Trooper (Demonspawn Shapeshifter)        Turns: 3405, Time: 00:05:33

Health: -1/56      AC:  6    Str: 17    XL:     7   Next: 55%
Magic:  7/7        EV: 13    Int: 10    God:    Wu Jian [***...]
Gold:   172        SH:  0    Dex: 12    Spells: 6/6 levels left

rFire   . .          .
                       - Unarmed
rCold   + . .        (no shield)
rNeg    . . .        j - +1 ring mail
rPois   .            (helmet currently unavailable)
rElec   .            (cloak currently unavailable)
rCorr   .            (gloves currently unavailable)
SInv    .            (boots currently unavailable)
Will    .....        (no amulet)
Stlth   +            n - ring of protection from cold
HPRegen 0.29/turn    (no ring)
MPRegen 0.10/turn

%: no passive effects
@: about to teleport, beast-form, wreathed by umbra
A: beast (slay +1), demonic guardian 1, sturdy frame 1, foul shadow 1
a: Begin Untransformation, Renounce Religion, Wall Jump, Serpent's Lash


You were on level 4 of the Dungeon.
You worshipped Wu Jian.
Wu Jian was most pleased with you.
You were a hulking beast.
You visited 1 branch of the dungeon, and saw 5 of its levels.

You collected 172 gold pieces.

Inventory:

Missiles
 b - 2 javelins
 g - 16 poisoned darts (quivered)
 p - a throwing net
 w - 24 stones
Armour
 a - a +0 animal skin
 j - a +1 ring mail (worn)
 s - a +1 leather armour of fire resistance
Jewellery
 f - a +6 ring of intelligence
 n - a ring of protection from cold (left hand)
 q - a ring of wizardry
 y - an amulet of magic regeneration
Talismans
 c - a beast talisman (active)
 d - a flux talisman
Wands
 u - a wand of mindburst (13)
Scrolls
 h - a scroll of enchant armour
 k - 3 scrolls of teleportation
 m - a scroll of blinking
Potions
 e - a potion of brilliance {unknown}
 i - 2 potions of curing {unknown}
 l - a potion of enlightenment
 o - a potion of magic
 r - a potion of attraction
 t - a potion of resistance
 B - a potion of invisibility {unknown}
 C - a potion of berserk rage {unknown}


   Skills:
 - Level 5.0 Fighting
 + Level 4.9 Dodging
 - Level 5.0 Unarmed Combat
 - Level 2.6 Shapeshifting


You had 6 spell levels left.
You didn't know any spells.
Your spell library contained the following spells:

 Spells                   Type           Power      Damage    Failure   Level
 Gell's Gravitas          Tloc           0%         N/A       83%         3
 Teleport Other           Tloc           0%         N/A       83%         3
 Volatile Blastmotes      Fire/Tloc      0%         2d10      83%         3
 Fulminant Prism          Conj/Alch      0%         3d5       99%         4
 Iskenderun's Mystic Bla  Conj/Tloc      0%         2d3       99%         4
 Dispersal                Tloc           0%         N/A       100%        6


Dungeon Overview and Level Annotations

Branches:
Dungeon (5/15)
 Temple: D:4-7

Altars:
Wu Jian

Shops:
D:2 !

Annotations:
D:3 1 runed translucent door, Crazy Yiuf
D:4 Menkaure
D:5 Prince Ribbit


Innate Abilities, Weirdness & Mutations

You are a hulking beast.
Your limbs bulge with bestial killing power. (Slay +1)
A weak demonic guardian rushes to your aid.
Your movements are slightly less encumbered by armour. (ER -2)
You are faintly shadowed, very rarely releasing foul flame when damaged in melee.


Message History

You take 7 damage, and have 28/56 hp.
Prince Ribbit blinks!
You swap places.
Your white imp hits the gnoll.
Your white imp freezes the gnoll.
You feel a little less mighty now.
Your white imp hits the gnoll.
Your white imp freezes the gnoll.
The gnoll hits your white imp with a +0 spear.
The gnoll attacks as it pursues you! The gnoll misses you.
The gnoll attacks as it pursues you!
The gnoll hits you from afar with a +0 halberd.
You take 3 damage, and have 27/56 hp.
Your white imp disappears in a puff of smoke!
The gnoll attacks as it pursues you!
The gnoll hits you from afar with a +0 halberd!
You take 9 damage, and have 19/56 hp.
The gnoll attacks as it pursues you! The gnoll misses you.
The gnoll attacks as it pursues you!
The gnoll hits you from afar with a +0 halberd.
* * * LOW HITPOINT WARNING * * *
There is a stone staircase leading up here.
You take 6 damage, and have 14/56 hp.
The gnoll hits you from afar with a +0 halberd.
* * * LOW HITPOINT WARNING * * *
You climb upwards.
Level annotation: Menkaure The gnoll shouts! x5; You hear a shout! x2
A gnoll bouda comes into view. It is wielding a +0 whip.
The gnoll hits you from afar with a +0 spear!
* * * LOW HITPOINT WARNING * * *
A demonic guardian appears!
A gnoll comes into view. It is wielding a +0 club.
Found a spear and a glowing helmet.
There is a stone staircase leading down here.
You take 8 damage, and have 6/56 hp.
As you read the scroll of teleportation, it crumbles to dust.
You feel strangely unstable.
A gnoll comes into view. It is wielding a +0 whip.
A gnoll comes into view. It is wielding a +0 club.
The gnoll hits you from afar with a +0 spear!
You die...

#.gg.. ##..g..
#.....##
#..[...##
#....g..#
#....).g##
##........#
#.....h...#
#....5........
#.............
#..........##.
#......g....#
#...........#
#.....gg...##
#.....g...##


You could see a gnoll bouda, 8 gnolls and a friendly white imp (summoned).

Vanquished Creatures
  An ogre (D:5)
  A centaur (D:5)
  2 phantoms (D:5)
  A bullfrog (D:5)
  Blork the orc (D:5)
  A scorpion (D:2)
  A bombardier beetle (D:5)
  A jelly (D:5)
  An iguana (D:5)
  7 adders
  A gnoll (D:5)
  A white imp (D:5)
  4 dart slugs
  2 orcs
  5 ball pythons
  4 bats
  2 endoplasms
  2 giant cockroaches
  7 goblins
  3 hobgoblins
  3 jackals (D:3)
  3 quokkas
  2 frilled lizards (D:2)
  6 kobolds
  27 rats
89 creatures vanquished.

Vanquished Creatures (collateral kills)
  A hound (D:2)
  A rat (D:2)
2 creatures vanquished.

Grand Total: 91 creatures vanquished

Notes
Turn   | Place    | Note
-------+----------+-------------------------------------------
     0 | D:1      | jasper the Demonspawn Shapeshifter began the quest for the
                  | Orb.
     0 | D:1      | Reached XP level 1. HP: 15/15 MP: 1/1
   197 | D:1      | Gained mutation: A weak demonic guardian rushes to your
                  | aid. [demonic ancestry]
   197 | D:1      | Reached XP level 2. HP: 16/22 MP: 2/2
   328 | D:1      | Found a faded altar of an unknown god.
   332 | D:1      | Prayed at the altar of an unknown god.
   332 | D:1      | Became a worshipper of the Wu Jian Council
   332 | D:1      | Reached * piety under Wu Jian
   766 | D:2      | Noticed a scorpion
   781 | D:2      | Killed a scorpion
   782 | D:2      | Reached XP level 3. HP: 30/30 MP: 3/3
   782 | D:2      | Reached XP level 4. HP: 37/37 MP: 4/4
  1069 | D:2      | Gained mutation: You are faintly shadowed, very rarely
                  | releasing foul flame when damaged in melee. [demonic
                  | ancestry]
  1069 | D:2      | Reached XP level 5. HP: 29/43 MP: 5/5
  1241 | D:2      | Found Xaaku's Distillery.
  1252 | D:2      | Reached skill level 5 in Fighting
  1501 | D:2      | Reached ** piety under Wu Jian
  2091 | D:3      | Found a runed translucent door.
  2092 | D:3      | Noticed Crazy Yiuf
  2626 | D:4      | Noticed Menkaure
  2779 | D:5      | Entered Level 5 of the Dungeon
  2779 | D:5      | Noticed a centaur
  2785 | D:5      | Killed a centaur
  2786 | D:5      | Gained mutation: Your movements are slightly less
                  | encumbered by armour. (ER -2) [demonic ancestry]
  2786 | D:5      | Reached XP level 6. HP: 28/51 MP: 6/6
  2790 | D:5      | Reached *** piety under Wu Jian
  2869 | D:5      | Reached skill level 5 in Unarmed Combat
  3071 | D:5      | Reached XP level 7. HP: 41/56 MP: 7/7
  3357 | D:5      | Noticed Blork the orc
  3362 | D:5      | Killed Blork the orc
  3379 | D:5      | Noticed Prince Ribbit
  3405 | D:4      | Slain by a gnoll

Illustrated notes

Levels and vault maps discovered:
D:1:      dpeg_arrival_simpleton_c, layout_basic,
          shapermc_ecumenical_altar_mp_vishouse
D:2:      layout_basic, serial_shops, nicolae_shop_advertising_works
          [nicolae_subvault_shop_adworks], kennysheep_generic_room_2
D:3:      layout_loops_ring, minmay_rat_hole, uniq_crazy_yiuf_cottage
D:4:      layout_cave_pods, serial_shops, nicolae_diamond_shop,
          minmay_door_square, nicolae_shop_i_like_small_books_too,
          uniq_menkaure, uniq_edmund
D:5:      layout_basic, nicolae_sif_muna_condensation, uniq_duvessa,
          uniq_prince_ribbit1, uniq_blork_the_orc

Skill      XL: |  1  2  3  4  5  6  7 |
---------------+----------------------+-----
Fighting       | 2 4 5 |  5.0
Unarmed Combat | 4 5 |  5.0
Dodging        | 3 4 |  4.9
Shapeshifting  | |  2.6

Action                     |  1- 3 |  4- 6 |  7- 9 || total
---------------------------+-------+-------+-------++-------
  Melee: Unarmed           |    46 |   213 |    19 ||   278
         Punch             |     1 |     3 |     1 ||     5
  Throw: Dart              |     1 |       |       ||     1
Ability: Lunge             |     3 |     9 |     4 ||    16
         Whirlwind         |       |     9 |       ||     9
  Evoke: Wand              |       |     9 |       ||     9
    Use: Potion            |     1 |       |     1 ||     2
         Scroll            |       |    14 |     1 ||    15
 Armour: Animal skin       |     7 |       |       ||     7
         Skin              |    10 |       |       ||    10
         Ring mail         |     8 |   103 |    15 ||   126
  Dodge: Dodged            |    16 |    99 |    17 ||   132

Table legend: (Time is in decaauts)
 A = Elapsed time spent in this place.
 B = Non-inter-level travel time spent in this place.
 C = Inter-level travel time spent in this place.
 D = Time resting spent in this place.
 E = Time spent auto-exploring this place.
 F = Levels seen in this place.
 G = Mean time per level.
                   A        B        C        D        E       F      G
               +--------+--------+--------+--------+--------+-----+--------+
         Total |   3387 |   3298 |     89 |    141 |   2458 |   5 |  677.4 |
       Dungeon |   3387 |   3298 |     89 |    141 |   2458 |   5 |  677.4 |
               +--------+--------+--------+--------+--------+-----+--------+

Top non-repeatable levels by time:
     D:3: 1053 daAuts
     D:2: 836 daAuts
     D:1: 753 daAuts
     D:5: 620 daAuts
     D:4: 124 daAuts
